 Dungeon Crawl Stone Soup version 0.27.0-1-g7a089689b8 (webtiles) character file.

Game seed: 9270147694177773196

84 robertstho the Ducker (level 4, -1/44 HPs)
             Began as a Troll Fighter on Aug 6, 2021.
             Slain by Sigmund (2 damage)
             ... on level 2 of the Dungeon.
             The game lasted 00:01:47 (1524 turns).

robertstho the Ducker (Troll Fighter)               Turns: 1524, Time: 00:01:47

Health: -1/44      AC:  4    Str: 24    XL:     4   Next: 24%
Magic:  3/3        EV:  8    Int:  5    God:
Gold:   43         SH:  8    Dex:  9    Spells: 3/3 levels left

rFire    . . .     SeeInvis .   a - +0 long sword
rCold    . . .     Faith    .   c - +0 kite shield
rNeg     . . .     Spirit   .   b - +0 robe
rPois    .         Reflect  .   (helmet restricted)
rElec    .         Harm     .   (no cloak)
rCorr    .         Rampage  .   (gloves unavailable)
Will     .....                  (boots unavailable)
Stlth    +.........             (no amulet)
HPRegen  1.14/turn              (no ring)
MPRegen  0.08/turn              (no ring)

@: mighty
A: large, unfitting armour, claws 3, regeneration 1, shaggy fur 1, tough skin 1
a: no special abilities


You were on level 2 of the Dungeon.
You visited 1 branch of the dungeon, and saw 2 of its levels.

You collected 65 gold pieces.
You spent 22 gold pieces at shops.

Inventory:

Hand Weapons
 a - a +0 long sword (weapon)
Armour
 b - a +0 robe (worn)
 c - a +0 kite shield (worn)
Wands
 h - a wand of acid (4)
 j - a wand of flame (7)
Scrolls
 e - a scroll of identify
 g - 2 scrolls of magic mapping
 i - a scroll of enchant weapon
Potions
 f - a potion of flight


   Skills:
 * Level 2.9 Fighting
 + Level 2.1 Long Blades
 * Level 1.0 Armour
 + Level 3.0 Dodging
 + Level 2.8 Shields


You had 3 spell levels left.
You didn't know any spells.
Your spell library was empty.

Dungeon Overview and Level Annotations

Branches:
Dungeon (2/15)

Altars:

Shops:
D:1 *

Annotations:
D:2 1 runed translucent door, Crazy Yiuf, Sigmund


Innate Abilities, Weirdness & Mutations

You are too large for most types of armour.
You have claws for hands.
Your natural rate of healing is unusually fast.
You are covered in fur. (AC +1)
You have tough skin. (AC +1)


Message History

No target in view!
No target in view!
No target in view!
No target in view!
No target in view!
No target in view!
No target in view!
No target in view!
No target in view!
No target in view!
No target in view!
No target in view!
No target in view!
No target in view!
There is a stone staircase leading up here.
You open the door.
An endoplasm and Sigmund come into view.
Sigmund is wielding a +0 vorpal scythe and wearing a +2 robe of positive energy.
Found a stone staircase leading up.
There are monsters nearby!
There are monsters nearby!
There are monsters nearby!
There are monsters nearby!
The endoplasm quivers.
There is an open door here.
You feel very mighty all of a sudden.
Sigmund hits you with a +0 vorpal scythe!
You hit Sigmund.
Sigmund is lightly wounded.
Sigmund hits you with a +0 vorpal scythe!
Your shield prevents you from hitting Sigmund.
Sigmund is lightly wounded.
Sigmund hits you with a +0 vorpal scythe.
Sigmund hits you with a +0 vorpal scythe!
* * * LOW HITPOINT WARNING * * *
x2 You slash Sigmund!
Sigmund is heavily wounded.
Sigmund hits you with a +0 vorpal scythe!
* * * LOW HITPOINT WARNING * * *
You die...

#.....#
##.†.........
#####.#
#.########.# #.#
#.# #.# #.# #+##
#.. ###.# #...#
### #...# #.....
#. #..## #......
##.
##...####.......
####..
#..†...@@J..<...
+.....
##...####.......
####.. #..##
#...... #.. #.##
#..... #..
#####.#####
#...# #..
#....<....# #+##
#.. #.###.###.#
#. #.. #.#
#.###.# #.# #[.
#.# #.....#
##.## #.#


You could see Sigmund and an endoplasm.

Vanquished Creatures
  Jessica (D:2)
  An adder (D:2)
  A worm (D:2)
  3 orcs (D:2)
  2 endoplasms (D:1)
  2 goblins
  4 hobgoblins (D:1)
  11 jackals
  A quokka (D:1)
  5 ball pythons
  3 bats (D:2)
  4 kobolds
  3 rats
41 creatures vanquished.

Notes
Turn   | Place    | Note
-------+----------+-------------------------------------------
     0 | D:1      | robertstho the Troll Fighter began the quest for the Orb.
     0 | D:1      | Reached XP level 1. HP: 22/22 MP: 0/0
   194 | D:1      | Found a faded altar of an unknown god.
   254 | D:1      | Reached XP level 2. HP: 29/29 MP: 1/1
   564 | D:1      | Found Ijebludu's General Store.
   572 | D:1      | Bought a scroll of identify for 22 gold pieces
   912 | D:2      | Found a runed translucent door.
   913 | D:2      | Noticed Crazy Yiuf
   978 | D:2      | Reached XP level 3. HP: 24/36 MP: 2/2
  1036 | D:2      | Noticed Jessica
  1041 | D:2      | Killed Jessica
  1042 | D:2      | Reached skill level 1 in Armour
  1182 | D:2      | Reached XP level 4. HP: 42/44 MP: 3/3
  1486 | D:2      | Reached skill level 3 in Dodging
  1516 | D:2      | Noticed Sigmund
  1524 | D:2      | HP: 1/44 [Sigmund (11)]
  1524 | D:2      | Slain by Sigmund

Illustrated notes

Levels and vault maps discovered:
D:1:      matt_arrival_refuge, layout_basic, serial_shops,
          nicolae_shop_temple_entry_statues_fountains,
          hellmonk_ecumenical_altar_blasted
D:2:      layout_loops_corners, uniq_crazy_yiuf_cottage, uniq_jessica,
          uniq_sigmund

Skill      XL: |  1  2  3  4 |
---------------+-------------+-----
Long Blades    | 2 |  2.1
Armour         | 1 |  1.0
Dodging        | 3 |  3.0
Fighting       | |  2.9
Shields        | |  2.8

Action                   |  1- 3 |  4- 6 || total
-------------------------+-------+-------++-------
Melee: Long sword        |    98 |    29 ||   127
  Use: Scroll            |       |     3 ||     3
       Potion            |       |     1 ||     1
 Stab: Sleeping          |     1 |     1 ||     2
Armor: Robe              |    44 |     9 ||    53
Dodge: Dodged            |    54 |     5 ||    59
Block: Kite shield       |    56 |    14 ||    70
       Rpst.: Long sword |    16 |     1 ||    17
